 Dungeon Crawl Stone Soup version 0.13-a0-3092-g1832de8 (webtiles) character file.

206 Duskembrace the Vexing (level 4, -2/30 HPs)
             Began as a Vampire Enchanter on Sept 18, 2013.
             Killed from afar by an orc wizard (7 damage)
             ... with a magic dart
             ... on Level 3 of the Dungeon.
             The game lasted 00:11:27 (3278 turns).

Duskembrace the Vexing (Vampire Enchanter)          Turns: 3278, Time: 00:11:27

HP  -2/30        AC  7     Str  4      XL: 4   Next: 46%
MP   1/8         EV 13     Int 18      God:
Gold 106         SH  0     Dex 14      Spells:  2 memorised,  3 levels left

Res.Fire  : + . .   See Invis. : +   a - +1 dagger (curse) {=f}
Res.Cold  : . . .   Warding    : .   b - +1 robe
Life Prot.: + + .   Conserve   : .   (no shield)
Res.Poison: +       Res.Corr.  : .   (no helmet)
Res.Elec. : .       Clarity    : .   (no cloak)
Sust.Abil.: . .     Spirit.Shd : .   k - +2 pair of orc gloves
Res.Mut.  : .       Stasis     : .   m - +0 pair of boots
Res.Rott. : +       Flight     : .   (no amulet)
Saprovore : . . .                    y - cursed -3 ring of strength
                                     w - ring of fire

@: regenerating slowly, very slightly contaminated, slightly resistant to
hostile enchantments, quite stealthy
A: fangs 3, see invisible, unbreathing
a: Bat Form


You were on level 3 of the Dungeon.
You were very thirsty.

You visited 1 branch of the dungeon, and saw 3 of its levels.

You collected 86 gold pieces.

Inventory:

Hand weapons
 a - a cursed +1,+1 dagger (weapon) {=f}
 h - a +0,+3 orcish dagger
 j - a +0,+1 dwarven dagger
 n - a +2,+1 dagger of venom
Missiles
 d - 22 darts (quivered)
 q - 10 steel darts
Armour
 b - a +1 robe (worn)
 k - a +2 pair of orcish gloves (worn)
 m - a +0 pair of boots (worn)
Magical devices
 v - a wand of cold (8) {unknown}
Scrolls
 g - a scroll of teleportation
Jewellery
 w - a ring of fire (left hand)
 y - a cursed -3 ring of strength (right hand)
Potions
 f - 2 potions of might
 i - a potion of restore abilities {unknown}
 p - a potion of agility {unknown}
 s - 2 potions of curing
 u - a potion of resistance {unknown}
 z - a potion of heal wounds {unknown}
 A - a potion of paralysis {unknown}
Books
 c - a book of Maledictions

   Spells                             Type                      Level
   *Corona                            Hexes                        1
   Sure Blade                         Hexes/Charms                 2
   *Ensorcelled Hibernation           Hexes/Ice                    2
   Confuse                            Hexes                        3
   Enslavement                        Hexes                        4
   Invisibility                       Hexes                        6
 e - a book of the Earth

   Spells                             Type                      Level
   Dig                                Earth                        4
   Leda's Liquefaction                Hexes/Earth                  4
   Bolt of Magma                      Conjuration/Fire/Earth       5
   Statue Form                        Transmutation/Earth          6
   Iron Shot                          Conjuration/Earth            6
   Shatter                            Earth                        9


   Skills:
 + Level 0.1 Fighting
 + Level 1.4 Short Blades
 + Level 0.7 Throwing
 + Level 2.7 Dodging
 + Level 4.9 Stealth
 + Level 1.7 Spellcasting
 + Level 5.4 Hexes
 + Level 0.6 Ice Magic


You had 3 spell levels left.
You knew the following spells:

 Your Spells              Type           Power        Failure   Level  Hunger
a - Corona                Hex            ###....      1%          1    #......
b - Ensorcelled Hibernat  Hex/Ice        #.....       12%         2    ###....


Dungeon Overview and Level Annotations

Branches:
Dungeon (3/27)

Altars:


Innate Abilities, Weirdness & Mutations

You heal slowly.
You have razor-sharp teeth.*
You have supernaturally acute eyesight.
You can survive without breathing.*


Message History

The orc wizard misses you.
Casting: Ensorcelled Hibernation
Confirm with . or Enter, or press ? or * to list all spells.
Aiming: Ensorcelled Hibernation
Press: ? - help, Shift-Dir - straight line, f/p - orc wizard
Aim: an orc wizard, wielding an orcish dagger and wearing an orcish robe You feel a numb sensation.
The orc wizard easily resists.
The orc wizard points at you and mumbles some strange words.
The magic dart hits you! The orc wizard misses you.
The orc wizard points at you and mumbles some strange words.
The magic dart hits you!
The orc wizard points at you and mumbles some strange words.
The magic dart hits you! The orc wizard casts a spell at you.
The magic dart hits you!
* * * LOW HITPOINT WARNING * * *
The orc wizard casts a spell at you. The magic dart hits you!
You die...

).........................#
########...........###.#### #####
#...........###.# ....#
########......######*** ...##
###....#......#,.≈≈##,*** ...#
##.P..≈###....###.≈≈..**,**
...####.##.P≈≈#......#≈≈≈≈.##,,,*
....##.P..P≈≈≈........≈≈≈≈...**,,
....#.##..≈≈≈≈#.@....#≈≈≈≈...,,,
...###..P.≈≈.###....###.≈≈..*,,,,
...###.##.≈≈≈≈#......#≈≈≈≈.#, **,
....###.P..≈≈≈........≈≈≈≈..,,,,*
######....P≈≈≈#......#≈≈≈≈..,***#
#.##..≈≈.###o...###.≈≈P ,,##≈
#P...P≈≈≈≈#(.....#≈≈≈.#*,##≈≈
#####..P.≈≈≈≈≈........≈≈.##,##≈≈P
....#..##P≈≈≈≈#......#≈≈≈..##≈≈≈.


You could see an orc wizard.

Vanquished Creatures
  2 adders
  A worm (D:2)
  2 giant geckos (D:1)
  An ooze (D:3)
  4 orcs
  A giant cockroach (D:1)
  11 goblins
  6 hobgoblins
  8 jackals
  8 kobolds
  A quokka (D:3)
  3 ball pythons
  8 bats
  3 giant newts
  A rat (D:3)
60 creatures vanquished.

Vanquished Creatures (others)
  5 toadstools (D:1)
5 creatures vanquished.

Grand Total: 65 creatures vanquished

Notes
Turn   | Place    | Note
--------------------------------------------------------------
     0 | D:1      | Duskembrace, the Vampire Enchanter, began the quest for the Orb.
     0 | D:1      | Reached XP level 1. HP: 13/13 MP: 4/4
   455 | D:1      | Reached XP level 2. HP: 19/19 MP: 5/5
   459 | D:1      | Learned a level 2 spell: Ensorcelled Hibernation
   493 | D:1      | Reached skill level 5 in Hexes
  1056 | D:2      | Reached XP level 3. HP: 24/24 MP: 1/6
  2173 | D:3      | Reached XP level 4. HP: 30/30 MP: 1/8
  3278 | D:3      | Killed from afar by an orc wizard

Action                   |  1- 3 |  4- 6 || total
-------------------------+-------+-------++-------
Melee: Dagger            |    95 |    46 ||   141
 Cast: Corona            |     3 |       ||     3
       Ensorcelled Hiber |    29 |    22 ||    51
  Use: Scroll            |       |     6 ||     6
 Stab: Sleeping          |    28 |    16 ||    44
